PAAA
PAWNEE PARKSNREC @ PHOENIX HOTSPUR RESERVES
09/08/2018
 
TOP OF THE 1ST
Pawnee ParksNRec batting - Pitching for Phoenix Hotspur Reserves : RHP Clifford Turner
Pitching: RHP Clifford Turner
Batting: LHB Jim Unknown 0-0: Ball
1-0: Ball
2-0: Ball
3-0: Base on Balls
Batting: LHB Jim Unknown 0-0: Fly out, F7 (Flyball, 7M)
Batting: SHB Jim Unknown 0-0: Reached on error, E6 (Groundball, 6)
Jim Unknown to second
Batting: RHB Jim Unknown 0-0: Called Strike
0-1: Ball
1-1: Ball
2-1: Called Strike
2-2: Strikes out swinging
Batting: LHB Jim Unknown 0-0: Ball
1-0: Ball
2-0: Foul Ball, location: 2F
2-1: 3-RUN HOME RUN (Flyball, 89XD), Distance : 413 ft
Batting: RHB Jim Unknown 0-0: Called Strike
0-1: Foul Ball, location: 2F
0-2: Ball
1-2: SOLO HOME RUN (Line Drive, 89XD), Distance : 430 ft
Batting: LHB Jim Unknown 0-0: SINGLE (Groundball, 4MD)
Batting: RHB Jim Unknown 0-0: Called Strike
0-1: Foul Ball, location: 2F
0-2: Ball
1-2: Ball
2-2: Ball
3-2: Base on Balls
Jim Unknown to second
Batting: RHB Jim Unknown 0-0: Ball
1-0: Ball
2-0: Ball
3-0: Base on Balls
Jim Unknown to third
Jim Unknown to second
Batting: LHB Jim Unknown 0-0: Foul Ball, location: 2F
0-1: Ball
1-1: Swinging Strike
1-2: Ball
2-2: Foul Ball, location: 2F
2-2: Ball
3-2: Base on Balls
Jim Unknown scores
Jim Unknown to third
Jim Unknown to second
Pitching: LHP Lee Reynolds
Batting: LHB Jim Unknown 0-0: Foul Ball, location: 2F
0-1: Ground out 5-3 (Groundball, 5S)
Top of the 1st over - 5 run(s), 3 hit(s), 1 error(s), 3 left on base; Pawnee 5 - Phoenix 0
BOTTOM OF THE 1ST
Phoenix Hotspur Reserves batting - Pitching for Pawnee ParksNRec : RHP Jim Unknown
Pitching: RHP Jim Unknown
Batting: RHB Paul Campbell 0-0: Called Strike
0-1: Foul Ball, location: 2F
0-2: Ball
1-2: Ground out 1-3 (Groundball, 13S)
Batting: LHB Jorge Tamayo 0-0: Called Strike
0-1: Foul Ball, location: 2F
0-2: Strikes out swinging
Batting: RHB Jaime Chavarriaga 0-0: Ball
1-0: Ball
2-0: Ball
3-0: Foul Ball, location: 2F
3-1: Base on Balls
Batting: RHB António Ramos 0-0: Called Strike
0-1: Ball
Jaime Chavarriaga steals 2nd base
1-1: Called Strike
1-2: Strikes out looking
Bottom of the 1st over - 0 run(s), 0 hit(s), 0 error(s), 1 left on base; Pawnee 5 - Phoenix 0
TOP OF THE 2ND
Pawnee ParksNRec batting - Pitching for Phoenix Hotspur Reserves : LHP Lee Reynolds
Batting: SHB Jim Unknown 0-0: Called Strike
0-1: Ball
1-1: SINGLE (Line Drive, 8RS)
Batting: RHB Jim Unknown 0-0: Ball
1-0: Foul Ball, location: 2F
1-1: Called Strike
1-2: Fly out, F9 (Flyball, 9LM)
Batting: LHB Jim Unknown 0-0: Foul Ball, location: 2F
0-1: Foul Ball, location: 2F
0-2: Ball
1-2: Ball
2-2: Strikes out swinging
Batting: RHB Jim Unknown 0-0: Called Strike
0-1: Ball
1-1: Ball
2-1: Ball
Jim Unknown steals 2nd base
3-1: Foul Ball, location: 2F
3-2: Fly out, F9 (Flyball, 9D)
Top of the 2nd over - 0 run(s), 1 hit(s), 0 error(s), 1 left on base; Pawnee 5 - Phoenix 0
BOTTOM OF THE 2ND
Phoenix Hotspur Reserves batting - Pitching for Pawnee ParksNRec : RHP Jim Unknown
Batting: RHB Richard Moss 0-0: Called Strike
0-1: Ball
1-1: Swinging Strike
1-2: Ball
2-2: Foul Ball, location: 2F
2-2: Ball
3-2: Ground out 6-3 (Groundball, 6)
Batting: RHB Reed Hanson 0-0: Foul Ball, location: 2F
0-1: Swinging Strike
0-2: Foul Ball, location: 2F
0-2: Fly out, F8 (Flyball, 8LM)
Batting: RHB Greg Griffin 0-0: Called Strike
0-1: Called Strike
0-2: SINGLE (Flyball, 89S)
Batting: RHB António Rodríguez 0-0: Ball
1-0: Ground out 6-3 (Groundball, 6)
Bottom of the 2nd over - 0 run(s), 1 hit(s), 0 error(s), 1 left on base; Pawnee 5 - Phoenix 0
TOP OF THE 3RD
Pawnee ParksNRec batting - Pitching for Phoenix Hotspur Reserves : LHP Lee Reynolds
Batting: LHB Jim Unknown 0-0: Called Strike
0-1: Ball
1-1: Foul Ball, location: 2F
1-2: Ball
2-2: Ball
3-2: Base on Balls
Batting: RHB Jim Unknown 0-0: Ball
1-0: Ball
2-0: Called Strike
2-1: Ball
3-1: Foul Ball, location: 2F
3-2: Foul Ball, location: 2F
3-2: Foul Ball, location: 2F
3-2: Foul Ball, location: 2F
3-2: Ground out 2-3 (Groundball, 25)
Jim Unknown to second
Batting: RHB Jim Unknown 0-0: Foul Ball, location: 2F
0-1: Ball
1-1: DOUBLE (Line Drive, 5L)
Jim Unknown scores
Batting: LHB Jim Unknown 0-0: Ball
1-0: Fly out, F7 (Flyball, 7M)
Batting: LHB Jim Unknown 0-0: Ball
1-0: Ball
Wild Pitch!
Jim Unknown to third
2-0: Called Strike
2-1: Ground out 4-3 (Groundball, 34S)
Top of the 3rd over - 1 run(s), 1 hit(s), 0 error(s), 1 left on base; Pawnee 6 - Phoenix 0
BOTTOM OF THE 3RD
Phoenix Hotspur Reserves batting - Pitching for Pawnee ParksNRec : RHP Jim Unknown
Batting: LHB Chad Campbell 0-0: Ball
1-0: Ball
2-0: Fly out, F8 (Flyball, 8RS)
Batting: RHB Paul Campbell 0-0: Ball
1-0: Called Strike
1-1: Ground out 5-3 (Groundball, 56S)
Batting: LHB Jorge Tamayo 0-0: Ball
1-0: Called Strike
1-1: Ball
2-1: DOUBLE (Line Drive, 9LM)
Batting: RHB Jaime Chavarriaga 0-0: Called Strike
0-1: Called Strike
0-2: Ball
1-2: Fly out, F4 (Popup, 4MD)
Bottom of the 3rd over - 0 run(s), 1 hit(s), 0 error(s), 1 left on base; Pawnee 6 - Phoenix 0
TOP OF THE 4TH
Pawnee ParksNRec batting - Pitching for Phoenix Hotspur Reserves : LHP Lee Reynolds
Batting: SHB Jim Unknown 0-0: Called Strike
0-1: Ball
1-1: Ball
2-1: Fly out, F3 (Popup, 3F)
Pitching: RHP Luis Ramírez
Batting: RHB Jim Unknown 0-0: Ball
1-0: Swinging Strike
1-1: Ball
2-1: Called Strike
2-2: Strikes out swinging
Batting: LHB Jim Unknown 0-0: Ball
1-0: Swinging Strike
1-1: Foul Ball, location: 2F
1-2: Strikes out swinging
Top of the 4th over - 0 run(s), 0 hit(s), 0 error(s), 0 left on base; Pawnee 6 - Phoenix 0
BOTTOM OF THE 4TH
Phoenix Hotspur Reserves batting - Pitching for Pawnee ParksNRec : RHP Jim Unknown
Batting: RHB António Ramos 0-0: Foul Ball, location: 2F
0-1: Swinging Strike
0-2: Strikes out swinging
Batting: RHB Richard Moss 0-0: Ball
1-0: Foul Ball, location: 2F
1-1: Ball
2-1: Foul Ball, location: 2F
2-2: Strikes out swinging
Batting: RHB Reed Hanson 0-0: Called Strike
0-1: Called Strike
0-2: DOUBLE (Flyball, 89D)
Batting: RHB Greg Griffin 0-0: Ground out 6-3 (Groundball, 6MD)
Bottom of the 4th over - 0 run(s), 1 hit(s), 0 error(s), 1 left on base; Pawnee 6 - Phoenix 0
TOP OF THE 5TH
Pawnee ParksNRec batting - Pitching for Phoenix Hotspur Reserves : RHP Luis Ramírez
Batting: RHB Jim Unknown 0-0: Called Strike
0-1: Foul Ball, location: 2F
0-2: Ball
1-2: Ball
2-2: Fly out, F8 (Flyball, 8LD)
Batting: LHB Jim Unknown 0-0: Ball
1-0: Swinging Strike
1-1: Swinging Strike
1-2: Ball
2-2: Fly out, F5 (Popup, 5F)
Batting: RHB Jim Unknown 0-0: Called Strike
0-1: Ball
1-1: Foul Ball, location: 2F
1-2: Foul Ball, location: 2F
1-2: Ball
2-2: Strikes out looking
Top of the 5th over - 0 run(s), 0 hit(s), 0 error(s), 0 left on base; Pawnee 6 - Phoenix 0
BOTTOM OF THE 5TH
Phoenix Hotspur Reserves batting - Pitching for Pawnee ParksNRec : RHP Jim Unknown
Batting: RHB António Rodríguez 0-0: Ground out 6-3 (Groundball, 6MS)
Batting: LHB Chad Campbell 0-0: Ball
1-0: Swinging Strike
1-1: Foul Ball, location: 2F
1-2: Strikes out swinging
Batting: RHB Paul Campbell 0-0: Ball
1-0: Foul Ball, location: 2F
1-1: SINGLE (Flyball, 8RS)
Batting: LHB Jorge Tamayo 0-0: Called Strike
0-1: SINGLE (Groundball, 6MD)
Paul Campbell to second
Batting: RHB Jaime Chavarriaga 0-0: Foul Ball, location: 2F
0-1: Ball
1-1: Foul Ball, location: 2F
1-2: Strikes out swinging
Bottom of the 5th over - 0 run(s), 2 hit(s), 0 error(s), 2 left on base; Pawnee 6 - Phoenix 0
TOP OF THE 6TH
Pawnee ParksNRec batting - Pitching for Phoenix Hotspur Reserves : RHP Luis Ramírez
Batting: RHB Jim Unknown 0-0: Ball
1-0: Foul Ball, location: 2F
1-1: Ball
2-1: Ground out 4-3 (Groundball, 4)
Batting: LHB Jim Unknown 0-0: Ground out 4-3 (Groundball, 34)
Batting: LHB Jim Unknown 0-0: Called Strike
0-1: Swinging Strike
0-2: Fly out, F5 (Line Drive, 56)
Top of the 6th over - 0 run(s), 0 hit(s), 0 error(s), 0 left on base; Pawnee 6 - Phoenix 0
BOTTOM OF THE 6TH
Phoenix Hotspur Reserves batting - Pitching for Pawnee ParksNRec : RHP Jim Unknown
Batting: RHB António Ramos 0-0: Called Strike
0-1: Called Strike
0-2: Ball
1-2: Ball
2-2: Ground out 5-3 (Groundball, 5L)
Batting: RHB Richard Moss 0-0: Called Strike
0-1: Ball
1-1: Ball
2-1: Ball
3-1: Foul Ball, location: 2F
3-2: Strikes out swinging
Batting: RHB Reed Hanson Single, Error in OF, E7, batter to second base
Batting: RHB Greg Griffin 0-0: Called Strike
0-1: Foul Ball, location: 2F
0-2: SINGLE (Line Drive, 4D)
Reed Hanson to third
Batting: RHB António Rodríguez 0-0: Called Strike
Pickoff Throw to First - Error! E1
Reed Hanson scores
Greg Griffin to second
0-1: Fly out, F8 (Flyball, 8LM)
Bottom of the 6th over - 1 run(s), 2 hit(s), 2 error(s), 1 left on base; Pawnee 6 - Phoenix 1
TOP OF THE 7TH
Pawnee ParksNRec batting - Pitching for Phoenix Hotspur Reserves : RHP Luis Ramírez
Pitching: RHP Rafael Clemente
Batting: SHB Jim Unknown 0-0: Ball
1-0: Foul Ball, location: 2F
1-1: Foul Ball, location: 2F
1-2: Ball
2-2: Ball
3-2: Fly out, F6 (Flyball, 7LSF)
Batting: RHB Jim Unknown 0-0: Ball
1-0: Swinging Strike
1-1: Ball
2-1: Ball
3-1: Called Strike
3-2: SINGLE (Groundball, 56)
Batting: LHB Jim Unknown 0-0: Foul Ball, location: 2F
0-1: Foul Ball, location: 2F
0-2: Ball
1-2: Ball
2-2: Fielders Choice at 2nd, 1-6 (Groundball, 23)
Batting: RHB Jim Unknown 0-0: Ball
1-0: SINGLE (Line Drive, 56)
Jim Unknown to second
Batting: LHB Jim Unknown 0-0: Called Strike
0-1: Foul Ball, location: 2F
0-2: Ball
1-2: Strikes out swinging
Top of the 7th over - 0 run(s), 2 hit(s), 0 error(s), 2 left on base; Pawnee 6 - Phoenix 1
BOTTOM OF THE 7TH
Phoenix Hotspur Reserves batting - Pitching for Pawnee ParksNRec : RHP Jim Unknown
Batting: LHB Chad Campbell 0-0: Called Strike
0-1: Called Strike
0-2: Ball
1-2: Fly out, F4 (Popup, 4M)
Batting: RHB Paul Campbell 0-0: Ball
1-0: Ball
2-0: Ball
3-0: Base on Balls
Batting: LHB Jorge Tamayo 0-0: Ball
1-0: Ball
2-0: Ball
3-0: Base on Balls
Paul Campbell to second
Batting: RHB Jaime Chavarriaga 0-0: Called Strike
0-1: Ball
1-1: Foul Ball, location: 2F
1-2: Strikes out swinging
Pitching: LHP Jim Unknown
Batting: RHB António Ramos 0-0: Ball
1-0: Ball
2-0: Called Strike
2-1: Ball
3-1: Foul Ball, location: 2F
3-2: Foul Ball, location: 2F
3-2: Fly out, F8 (Flyball, 8RXD)
Bottom of the 7th over - 0 run(s), 0 hit(s), 0 error(s), 2 left on base; Pawnee 6 - Phoenix 1
TOP OF THE 8TH
Pawnee ParksNRec batting - Pitching for Phoenix Hotspur Reserves : RHP Rafael Clemente
Batting: RHB Jim Unknown 0-0: Foul Ball, location: 2F
0-1: Fly out, F4 (Popup, 4D)
Batting: RHB Jim Unknown 0-0: Ball
1-0: Ball
2-0: Called Strike
2-1: Foul Ball, location: 2F
2-2: Ground out 5-3 (Groundball, 56)
Batting: LHB Jim Unknown 0-0: Called Strike
0-1: Foul Ball, location: 2F
0-2: Ball
1-2: Strikes out swinging
Top of the 8th over - 0 run(s), 0 hit(s), 0 error(s), 0 left on base; Pawnee 6 - Phoenix 1
BOTTOM OF THE 8TH
Phoenix Hotspur Reserves batting - Pitching for Pawnee ParksNRec : LHP Jim Unknown
Batting: RHB Richard Moss 0-0: Called Strike
0-1: Ball
1-1: Ball
2-1: Foul Ball, location: 2F
2-2: Fly out, F9 (Flyball, 89M)
Batting: RHB Reed Hanson 0-0: Ball
1-0: Ball
2-0: Called Strike
2-1: DOUBLE (Flyball, 89M)
Batting: RHB Greg Griffin 0-0: Ball
1-0: Called Strike
1-1: Ball
2-1: Foul Ball, location: 2F
2-2: Strikes out swinging
Batting: RHB António Rodríguez 0-0: Ball
1-0: Ball
2-0: Fly out, F7 (Flyball, 7M)
Bottom of the 8th over - 0 run(s), 1 hit(s), 0 error(s), 1 left on base; Pawnee 6 - Phoenix 1
TOP OF THE 9TH
Pawnee ParksNRec batting - Pitching for Phoenix Hotspur Reserves : RHP Rafael Clemente
Batting: LHB Jim Unknown 0-0: Swinging Strike
0-1: Called Strike
0-2: Strikes out looking
Batting: SHB Jim Unknown 0-0: Ball
1-0: Swinging Strike
1-1: Swinging Strike
1-2: Fly out, F4 (Popup, 34)
Batting: RHB Jim Unknown 0-0: Swinging Strike
0-1: Ball
1-1: SINGLE (Line Drive, 7LM)
Batting: LHB Jim Unknown 0-0: Ball
1-0: Ball
2-0: Called Strike
2-1: Foul Ball, location: 2F
2-2: Ball
3-2: 2-RUN HOME RUN (Flyball, 9LD), Distance : 342 ft
Batting: RHB Jim Unknown 0-0: Ball
1-0: Called Strike
1-1: Called Strike
1-2: Ball
2-2: Foul Ball, location: 2F
2-2: Ball
3-2: Foul Ball, location: 2F
3-2: Foul Ball, location: 2F
3-2: Fly out, F9 (Flyball, 89M)
Top of the 9th over - 2 run(s), 2 hit(s), 0 error(s), 0 left on base; Pawnee 8 - Phoenix 1
BOTTOM OF THE 9TH
Phoenix Hotspur Reserves batting - Pitching for Pawnee ParksNRec : LHP Jim Unknown
Batting: LHB Chad Campbell 0-0: Ball
1-0: Called Strike
1-1: Foul Ball, location: 2F
1-2: Ball
2-2: Foul Ball, location: 2F
2-2: Strikes out swinging
Batting: RHB Paul Campbell 0-0: Ball
1-0: Ball
2-0: Foul Ball, location: 2F
2-1: Ground out 6-3 (Groundball, 6)
Batting: LHB Jorge Tamayo 0-0: Ball
1-0: Called Strike
1-1: Fly out, F7 (Flyball, 7M)
Bottom of the 9th over - 0 run(s), 0 hit(s), 0 error(s), 0 left on base; Pawnee 8 - Phoenix 1
This league is powered by Out of the Park Baseball, the baseball management simulation game for PC, Mac and Linux
Monday, May 4th, 2015 - OOTP Baseball 15.6 Build 34